[Event "December 5 Late 2023"]
[Site "https://www.chess.com"]
[Date "2023.12.05"]
[Round "9"]
[White "Stevens, Matthew"]
[Black "Keleberda, Tymur"]
[Result "0-1"]
[Board "44"]
[TimeControl "180+1"]
[WhiteFideId "2067633"]
[BlackFideId "14174294"]
[WhiteElo "2379"]
[BlackElo "2522"]
[WhiteTeam "USA"]
[BlackTeam "CAN"]
[WhiteClock "0:00:00"]
[BlackClock "0:00:08"]

1. d4 Nf6 2. Nf3 e6 3. c4 b6 4. Bf4 Bb7 5. e3 c5 6. Nc3 cxd4 7. exd4 d5 8. cxd5 Nxd5 9. Bb5+ Bc6 10. Qa4 Bxb5 11. Qxb5+ Qd7 12. Nxd5 exd5 13. Qe2+ Qe6 14. Qxe6+ fxe6 15. Kd2 Bb4+ 16. Kd3 Nc6 17. a3 Be7 18. Rhe1 Kd7 19. Ne5+ Nxe5+ 20. Bxe5 Rac8 21. Bxg7 Rhg8 22. Be5 Rxg2 23. Bg3 Bd6 24. Ke3 Bxg3 25. hxg3 Rf8 26. Re2 Rh2 27. f4 Rh3 28. Kf3 Rg8 29. Rg1 h5 30. Re3 h4 31. Kf2 hxg3+ 32. Rexg3 Rhxg3 33. Rxg3 Rc8 34. Rg7+ Kd6 35. Rxa7 Rc2+ 36. Ke3 Rxb2 37. Rb7 Rb3+ 38. Ke2 Kc6 39. Re7 Kd6 40. Rb7 Rxa3 41. Rxb6+ Ke7 42. Rb8 Kf7 43. Rb6 Kf6 44. Rc6 Kf5 45. Rb6 Rh3 46. Ra6 Rh2+ 47. Ke3 Rh3+ 48. Ke2 Rh2+ 49. Ke3 Rh1 50. Ke2 Rh8 51. Rb6 Ra8 52. Rc6 Ra4 53. Ke3 Ra1 54. Rb6 Re1+ 55. Kd2 Re4 56. Kd3 Rxf4 57. Ra6 Rf3+ 58. Kd2 Rb3 59. Ke2 Rb1 60. Kd2 Rh1 61. Ke2 Rh4 62. Ke3 Rh3+ 63. Kd2 Rh6 64. Kd3 Kf4 65. Rb6 Rg6 66. Kd2 Rf6 67. Kd3 Kf5 68. Ra6 Rf8 69. Ke3 Rg8 70. Rb6 Rg3+ 71. Ke2 Ra3 72. Rc6 Ra4 73. Ke3 Rc4 74. Rb6 Rc3+ 75. Kd2 Rf3 76. Ke2 Rg3 77. Ra6 Rg4 78. Ke3 Re4+ 79. Kd3 Kf4 80. Rb6 Kf3 81. Ra6 Re3+ 82. Kd2 Re2+ 83. Kd3 Re1 84. Kd2 Kf2 85. Kd3 Re4 86. Rb6 Re3+ 87. Kd2 Kf3 88. Rc6 Kf4 89. Ra6 Re4 90. Kd3 Kf5 91. Rb6 Rg4 92. Ke3 Rg3+ 93. Ke2 Rg6 94. Ke3 Rh6 95. Ra6 Rh3+ 96. Ke2 Ke4 97. Rxe6+ Kxd4 98. Rg6 Re3+ 99. Kd2 Re4 100. Ra6 Re8 101. Ra4+ Ke5 102. Kd3 Rh8 103. Ra7 Rh3+ 104. Kd2 Ke4 105. Ra4+ d4 106. Ra7 Rh2+ 107. Kd1 Ke3 108. Re7+ Kd3 109. Kc1 Rh1+ 110. Kb2 Kd2 111. Kb3 d3 112. Rg7 Re1 113. Kc4 Re4+ 114. Kb3 Kd1 115. Rd7 d2 116. Kc3 Re3+ 117. Kd4 Ke2 0-1

[Event "December 5 Late 2023"]
[Site "https://www.chess.com"]
[Date "2023.12.05"]
[Round "9"]
[White "Petukhov, Dmitry"]
[Black "Galaktionov, Artem"]
[Result "0-1"]
[Board "45"]
[TimeControl "180+1"]
[WhiteFideId "4142748"]
[BlackFideId "24175471"]
[WhiteElo "2551"]
[BlackElo "2830"]
[WhiteTeam "RUS"]
[BlackTeam "RUS"]
[WhiteClock "0:00:07"]
[BlackClock "0:01:19"]

1. e4 c6 2. d4 g6 3. Nd2 Bg7 4. c3 d6 5. f4 e5 6. Ndf3 Nd7 7. Bc4 Qe7 8. dxe5 dxe5 9. f5 Ngf6 10. Bd3 Nc5 11. Bc2 Ncxe4 12. Ne2 Bxf5 13. O-O Qc5+ 14. Kh1 Nf2+ 15. Rxf2 Bxc2 16. Qe1 O-O 17. Ng3 Bd3 18. Be3 Qa5 19. b4 Qc7 20. Rd1 e4 21. Ng5 h6 22. Bf4 Qb6 23. Be3 Qb5 24. Nh3 Ng4 25. Rf4 Nxe3 26. Qxe3 f5 27. Rh4 g5 28. Nxg5 hxg5 29. Qxg5 f4 30. Qg6 fxg3 31. Qh7+ Kf7 32. Rf4+ Ke6 33. Rxd3 Rxf4 34. hxg3 Rf1+ 0-1

[Event "December 5 Late 2023"]
[Site "https://www.chess.com"]
[Date "2023.12.05"]
[Round "9"]
[White "Pesotskiy, Mikhail"]
[Black "Annaberdiyev, Meylis"]
[Result "1-0"]
[Board "46"]
[TimeControl "180+1"]
[WhiteFideId "34164453"]
[BlackFideId "14000563"]
[WhiteElo "2528"]
[BlackElo "2687"]
[WhiteTeam "RUS"]
[BlackTeam "TKM"]
[WhiteClock "0:00:18"]
[BlackClock "0:00:00"]

1. d4 Nf6 2. c4 e6 3. Nc3 d5 4. cxd5 exd5 5. Bg5 c6 6. Qc2 Bd6 7. e3 O-O 8. Bd3 h6 9. Bh4 a5 10. Nge2 Na6 11. a3 Nc7 12. f3 Ne6 13. e4 Be7 14. e5 Nh5 15. Bxe7 Qxe7 16. O-O Nhf4 17. Rad1 b6 18. Bf5 Qg5 19. g3 Nxe2+ 20. Nxe2 Qe3+ 21. Kg2 Ba6 22. Rfe1 Bc4 23. Bxe6 fxe6 24. Nf4 Qb3 25. Qxb3 Bxb3 26. Rc1 Rxf4 27. gxf4 Bc4 28. b3 Bxb3 29. Rxc6 b5 30. Rxe6 b4 31. axb4 a4 32. b5 Ra5 33. Rb6 Bc4 34. Ra6 1-0

[Event "December 5 Late 2023"]
[Site "https://www.chess.com"]
[Date "2023.12.05"]
[Round "9"]
[White "Khruschiov, Alexey"]
[Black "Stojanovski, Sandi"]
[Result "1-0"]
[Board "47"]
[TimeControl "180+1"]
[WhiteFideId "13900544"]
[BlackFideId "1403249"]
[WhiteElo "2679"]
[BlackElo "2524"]
[WhiteTeam "MDA"]
[BlackTeam "DEN"]
[WhiteClock "0:00:52"]
[BlackClock "0:00:00"]

1. g3 d6 2. Bg2 g6 3. Nf3 Bg7 4. O-O c5 5. e4 Nc6 6. d3 Bg4 7. h3 Bxf3 8. Qxf3 e6 9. c3 Nge7 10. Be3 O-O 11. Qd1 b6 12. d4 cxd4 13. cxd4 d5 14. e5 Nf5 15. Qd2 f6 16. exf6 Qxf6 17. Nc3 Ncxd4 18. Bg5 Qf7 19. Rae1 h6 20. Bf4 Nh4 21. Re3 Nxg2 22. Kxg2 g5 23. Bd6 Nf5 24. Bxf8 d4 25. Bxg7 dxe3 26. fxe3 Qxg7 27. e4 Nd4 28. Qf2 e5 29. Nd5 Rc8 30. Ne3 Qg6 31. Kg1 Qg7 32. Nf5 1-0

[Event "December 5 Late 2023"]
[Site "https://www.chess.com"]
[Date "2023.12.05"]
[Round "9"]
[White "Leenhouts, Koen"]
[Black "Amburgy, Ryan"]
[Result "0-1"]
[Board "48"]
[TimeControl "180+1"]
[WhiteFideId "1008439"]
[BlackFideId "30924820"]
[WhiteElo "2519"]
[BlackElo "2672"]
[WhiteTeam "NED"]
[BlackTeam "USA"]
[WhiteClock "0:00:02"]
[BlackClock "0:00:45"]

1. d4 Nf6 2. c4 e6 3. g3 d5 4. Nf3 Bb4+ 5. Nbd2 O-O 6. Bg2 b6 7. O-O Bb7 8. cxd5 Bxd5 9. Qc2 c5 10. a3 Bxd2 11. Qxd2 Nbd7 12. b4 a5 13. Bb2 cxb4 14. axb4 a4 15. Rfc1 Qe7 16. Rc7 b5 17. Ne5 Bxg2 18. Kxg2 Qd6 19. Qc2 Nb6 20. Qc5 Rfd8 21. Nxf7 Qxc5 22. dxc5 Nbd5 23. Rb7 Rf8 24. Ng5 Nxb4 25. Nxe6 Rf7 26. Rxf7 Kxf7 27. Nc7 Ra5 28. Bc3 Nc2 29. Rc1 b4 30. Bd2 Rxc5 31. Na6 Rc6 32. Nb8 Rc8 33. Bxb4 Rxb8 34. Bc3 Nb4 35. Rb1 Nc6 36. Ra1 Ra8 0-1

[Event "December 5 Late 2023"]
[Site "https://www.chess.com"]
[Date "2023.12.05"]
[Round "9"]
[White "Grutter, Tim"]
[Black "Solon, Nathan"]
[Result "0-1"]
[Board "49"]
[TimeControl "180+1"]
[WhiteFideId "1057472"]
[BlackFideId "2017229"]
[WhiteElo "2512"]
[BlackElo "2669"]
[WhiteTeam "NED"]
[BlackTeam "USA"]
[WhiteClock "0:00:02"]
[BlackClock "0:00:31"]

1. Nf3 d5 2. g3 c6 3. Bg2 Bg4 4. O-O Nd7 5. h3 Bh5 6. d3 e6 7. Bf4 Ngf6 8. c3 Be7 9. g4 Bg6 10. Ne5 Nxe5 11. Bxe5 O-O 12. Qb3 Nd7 13. Bg3 Nc5 14. Qd1 f5 15. b4 f4 16. bxc5 fxg3 17. fxg3 Bxc5+ 18. d4 Bd6 19. Nd2 Qc7 20. Nf3 Bxg3 21. Qd2 Be4 22. e3 Rf6 23. Ng5 Bxg2 24. Qxg2 Raf8 25. Rxf6 Rxf6 26. Rf1 Rg6 27. Qf3 Rf6 28. Qg2 Rxf1+ 29. Qxf1 Qe7 30. Nf3 Bc7 31. Nd2 Qh4 32. Qg2 Ba5 33. Nf1 Bxc3 34. Qf3 Qf6 35. Qe2 Qg6 36. Ng3 Qb1+ 37. Kg2 Qb2 38. Kf3 Qxe2+ 39. Nxe2 Bb4 40. Nf4 Kf7 41. Nd3 Bd6 42. a4 b6 43. h4 c5 44. dxc5 bxc5 45. e4 c4 46. Nb2 Be5 47. Nd1 Bd4 48. exd5 exd5 49. Kf4 Ke6 50. Kf3 Ke5 51. Ke2 Ke4 52. Kd2 Kf4 53. Kc2 Kxg4 0-1

[Event "December 5 Late 2023"]
[Site "https://www.chess.com"]
[Date "2023.12.05"]
[Round "9"]
[White "Thomforde-Toates, Noah"]
[Black "DCacheiro"]
[Result "0-1"]
[Board "50"]
[TimeControl "180+1"]
[WhiteFideId "30951992"]
[WhiteElo "2649"]
[BlackElo "2489"]
[WhiteTeam "USA"]
[WhiteClock "0:00:08"]
[BlackClock "0:00:31"]

1. d4 Nf6 2. Nc3 d5 3. Bf4 g6 4. e3 Bg7 5. h4 h5 6. Nf3 O-O 7. Ne5 c5 8. dxc5 Nbd7 9. b4 Ng4 10. Nxd5 Ndxe5 11. Bg5 Nf6 12. c4 Be6 13. Bxf6 Bxf6 14. e4 Bg7 15. Rc1 Rc8 16. Be2 a5 17. a3 axb4 18. axb4 Nc6 19. b5 Nd4 20. O-O Rxc5 21. Bd3 Bxd5 22. exd5 b6 23. Qd2 Nb3 24. Qg5 Nxc1 25. Rxc1 Qd6 26. g4 Qf6 27. gxh5 Qxg5+ 28. hxg5 gxh5 29. f4 Bd4+ 30. Kg2 Rfc8 31. Kf3 Rxd5 32. Rh1 Rd6 33. Rxh5 Bg7 34. Be2 Rd2 35. Rh1 Ra8 36. Re1 Ra3+ 37. Ke4 Rd4+ 38. Kf5 Re3 39. g6 fxg6+ 40. Kxg6 Rde4 41. c5 Rxe2 42. cxb6 Rxe1 43. b7 Re6+ 44. Kf5 Rb6 45. Kg4 Rxb7 46. b6 Rxb6 47. Kf5 Rf6+ 48. Kg5 Rg1+ 49. Kh5 Kh7 50. Kh4 Rh6# 0-1

[Event "December 5 Late 2023"]
[Site "https://www.chess.com"]
[Date "2023.12.05"]
[Round "9"]
[White "Saito, Vinicius"]
[Black "Titus, Andrew"]
[Result "0-1"]
[Board "51"]
[TimeControl "180+1"]
[WhiteFideId "2113384"]
[BlackFideId "2059770"]
[WhiteElo "2443"]
[BlackElo "2596"]
[WhiteTeam "BRA"]
[BlackTeam "USA"]
[WhiteClock "0:00:04"]
[BlackClock "0:00:05"]

1. e4 c5 2. Nf3 d6 3. Bb5+ Nd7 4. a4 Nf6 5. Nc3 a6 6. Bc4 e6 7. O-O Be7 8. Re1 O-O 9. a5 b5 10. axb6 Nxb6 11. Bf1 e5 12. h3 h6 13. Na4 Nbd7 14. c3 Nh7 15. d4 cxd4 16. cxd4 exd4 17. Nxd4 Bb7 18. Nc3 Nc5 19. Nf5 Nf6 20. Bd3 Re8 21. Bc2 Bf8 22. Qf3 Rc8 23. Bf4 Ne6 24. Bh2 g6 25. Ne3 Nd4 26. Qd1 Nxc2 27. Qxc2 Nxe4 28. Rad1 Nxc3 29. bxc3 Qg5 30. Bg3 h5 31. h4 Qf6 32. c4 d5 33. Nxd5 Rxe1+ 34. Rxe1 Bxd5 35. Be5 Qxh4 36. Ba1 Qg4 37. f3 Bxf3 38. Qb2 Bc5+ 39. Kf1 Bd4 40. Qd2 Bxa1 41. Rxa1 Qxc4+ 42. Kg1 Bb7 43. Re1 Qd5 44. Qf2 Kg7 45. Rf1 Rc4 46. Qf6+ Kg8 47. Qf2 Qd4 48. Rb1 Qxf2+ 49. Kxf2 Rc2+ 50. Ke3 Bxg2 51. Rb8+ Kg7 52. Rb6 Bh3 53. Kf3 Be6 0-1

[Event "December 5 Late 2023"]
[Site "https://www.chess.com"]
[Date "2023.12.05"]
[Round "9"]
[White "Marchesich, Giovanni"]
[Black "Bjelobrk, Igor"]
[Result "0-1"]
[Board "52"]
[TimeControl "180+1"]
[WhiteFideId "2824790"]
[BlackFideId "4300726"]
[WhiteElo "2426"]
[BlackElo "2582"]
[WhiteTeam "ITA"]
[BlackTeam "AUS"]
[WhiteClock "0:00:03"]
[BlackClock "0:01:20"]

1. e4 e6 2. d3 c5 3. g3 b6 4. Bg2 Bb7 5. f4 d6 6. Nf3 Nf6 7. O-O Qc7 8. a4 a6 9. Re1 Be7 10. h3 Nc6 11. c3 O-O 12. d4 cxd4 13. cxd4 Nb4 14. Nc3 d5 15. e5 Ne4 16. Ra3 Nxg3 17. Be3 Nf5 18. Bf2 Rac8 19. Qd2 Qd7 20. Raa1 Rc7 21. Kh2 Rfc8 22. Rg1 a5 23. Bf1 Ba6 24. Bb5 Bxb5 25. axb5 Rc4 26. Rg2 g6 27. Rag1 a4 28. Ra1 Ra8 29. Rgg1 Ra5 30. Rgc1 Rxb5 31. Nxb5 Qxb5 32. Rxc4 dxc4 33. Ne1 Qd5 34. Rxa4 Nc6 35. Qc3 b5 36. Ra8+ Kg7 37. Ra1 Ncxd4 38. Rd1 Bc5 39. Kg1 Ne2+ 0-1

[Event "December 5 Late 2023"]
[Site "https://www.chess.com"]
[Date "2023.12.05"]
[Round "9"]
[White "yaguigor"]
[Black "Ozates, Tuna"]
[Result "1-0"]
[Board "53"]
[TimeControl "180+1"]
[BlackFideId "6354521"]
[WhiteElo "2413"]
[BlackElo "2571"]
[BlackTeam "TUR"]
[WhiteClock "0:00:14"]
[BlackClock "0:00:10"]

1. e4 e5 2. Nf3 Nc6 3. Bb5 g6 4. O-O Bg7 5. c3 Nge7 6. d4 exd4 7. cxd4 a6 8. Ba4 b5 9. Bc2 O-O 10. d5 Na5 11. Nbd2 c5 12. Rb1 d6 13. b3 f5 14. Re1 h6 15. exf5 Nxf5 16. Ne4 Nh4 17. Nxh4 Qxh4 18. Ng3 Bg4 19. Qd3 Bf5 20. Nxf5 Rxf5 21. Qg3 Qxg3 22. hxg3 Rxd5 23. Be4 Re5 24. Bf4 Rxe4 25. Rxe4 d5 26. Re7 g5 27. Bd2 Nc6 28. Rc7 Ne5 29. Rxc5 Rd8 30. Rc7 Ng4 31. Rd1 Bd4 32. Be1 Bg7 33. Bc3 d4 34. Rxg7+ Kxg7 35. Rxd4 Rxd4 36. Bxd4+ Kf7 37. f3 Nf6 38. Bxf6 Kxf6 39. Kf2 Ke5 40. Ke3 Kf5 41. Kd4 h5 42. b4 g4 43. Ke3 Ke5 44. f4+ Kf5 45. a3 Kg6 46. Ke4 Kf6 47. f5 Kg5 48. Ke5 h4 49. gxh4+ Kxh4 50. Kf4 1-0

[Event "December 5 Late 2023"]
[Site "https://www.chess.com"]
[Date "2023.12.05"]
[Round "9"]
[White "Rangel, Daniel"]
[Black "Bonin, Jay"]
[Result "1-0"]
[Board "54"]
[TimeControl "180+1"]
[WhiteFideId "2124475"]
[BlackFideId "2000644"]
[WhiteElo "2559"]
[BlackElo "2405"]
[WhiteTeam "BRA"]
[BlackTeam "USA"]
[WhiteClock "0:00:16"]
[BlackClock "0:00:47"]

1. c4 Nc6 2. g3 e5 3. Bg2 f5 4. Nc3 Nf6 5. e3 Bb4 6. Nge2 O-O 7. O-O Bxc3 8. Nxc3 d6 9. d3 Be6 10. Nd5 Rb8 11. Rb1 Qd7 12. b4 b5 13. Nxf6+ Rxf6 14. cxb5 Rxb5 15. a4 Rb8 16. b5 Ne7 17. Qc2 Bd5 18. e4 f4 19. exd5 f3 20. Bh1 Ng6 21. Be3 Rbf8 22. Rfc1 Qh3 23. Qc4 Nf4 24. Bxf4 Rxf4 25. Qxc7 Rh4 26. gxh4 Rf4 27. Qc8+ 1-0

[Event "December 5 Late 2023"]
[Site "https://www.chess.com"]
[Date "2023.12.05"]
[Round "9"]
[White "Wieczorek, Zbigniew"]
[Black "Schnaider, Ilan"]
[Result "1/2-1/2"]
[Board "55"]
[TimeControl "180+1"]
[WhiteFideId "1102001"]
[BlackFideId "169013"]
[WhiteElo "2246"]
[BlackElo "2682"]
[WhiteTeam "POL"]
[BlackTeam "ARG"]
[WhiteClock "0:00:19"]
[BlackClock "0:00:02"]

1. g3 Nf6 2. Bg2 g6 3. c4 Bg7 4. Nc3 O-O 5. Nf3 Nc6 6. O-O d5 7. cxd5 Nxd5 8. a3 e5 9. d3 h6 10. Nxd5 Qxd5 11. Be3 Bg4 12. Nd4 Qd7 13. Nxc6 bxc6 14. Rc1 e4 15. Bxe4 Bxb2 16. Bxc6 Qe6 17. Rc2 Rab8 18. Bxh6 Bg7 19. Bxg7 Kxg7 20. Qa1+ Kh7 21. Be4 Rbc8 22. Rfc1 Qd6 23. Rc6 Qe7 24. e3 Bh3 25. Qc3 Kg8 26. a4 a6 27. Rxc7 Rxc7 28. Qxc7 Qa3 29. Qc4 Rc8 30. Qxc8+ Bxc8 31. Rxc8+ Kg7 32. Rc4 Qa1+ 33. Kg2 f5 34. Bf3 Qa3 35. d4 Qb3 36. Rc7+ Kh6 37. a5 Qb5 38. Rc5 Qb4 39. h4 Qb3 40. Bd5 Qb4 41. Bf7 Qb7+ 42. Bd5 Qd7 43. Bf3 Qd6 44. Rd5 Qb4 45. Rc5 Qd2 46. Rd5 Qb4 47. Rc5 1/2-1/2

[Event "December 5 Late 2023"]
[Site "https://www.chess.com"]
[Date "2023.12.05"]
[Round "9"]
[White "Rosen, Eric"]
[Black "NovakRatko"]
[Result "1-0"]
[Board "56"]
[TimeControl "180+1"]
[WhiteFideId "2032562"]
[WhiteElo "2680"]
[BlackElo "2471"]
[WhiteTeam "USA"]
[WhiteClock "0:00:18"]
[BlackClock "0:00:15"]

1. e4 d5 2. exd5 c6 3. dxc6 Nxc6 4. Nf3 e5 5. Bc4 Bd6 6. d3 Nf6 7. h3 O-O 8. O-O h6 9. Nc3 Bf5 10. Re1 a6 11. Be3 Qc7 12. Nd5 Nxd5 13. Bxd5 Rad8 14. Bb3 e4 15. Nh4 Bh7 16. Qh5 exd3 17. cxd3 Bh2+ 18. Kh1 Rxd3 19. Bc5 Bd6 20. Bxd6 Rxd6 21. Rad1 Rxd1 22. Rxd1 Qe5 23. Qxe5 Nxe5 24. f4 Nd3 25. Rd2 Rc8 26. f5 Kf8 27. Rxd3 g5 28. fxg6 fxg6 29. Rd7 Bg8 30. Nxg6+ Ke8 31. Re7+ Kd8 32. Bxg8 Rc6 33. Rg7 Rc1+ 34. Kh2 Rc2 35. b4 Rb2 36. Bb3 h5 37. Rh7 Rxb3 38. axb3 1-0

[Event "December 5 Late 2023"]
[Site "https://www.chess.com"]
[Date "2023.12.05"]
[Round "9"]
[White "Goltsev, Dmitry"]
[Black "Mizzi, Jack"]
[Result "1-0"]
[Board "57"]
[TimeControl "180+1"]
[WhiteFideId "24176710"]
[BlackFideId "5602521"]
[WhiteElo "2635"]
[BlackElo "2453"]
[WhiteTeam "RUS"]
[BlackTeam "MLT"]
[WhiteClock "0:01:13"]
[BlackClock "0:00:00"]

1. e4 c6 2. d4 d5 3. Nc3 dxe4 4. Nxe4 Bf5 5. Ng3 Bg6 6. Nh3 Nd7 7. Nf4 e6 8. h4 Ngf6 9. h5 Bf5 10. Nxf5 exf5 11. Bc4 Bd6 12. Qd3 Qe7+ 13. Ne2 b5 14. Bb3 Qe4 15. Qxe4+ fxe4 16. h6 gxh6 17. Rxh6 O-O-O 18. Bg5 Be7 19. Bxf7 Rdf8 20. Be6 Kc7 21. Ng3 Nd5 22. Bxd5 Bxg5 23. Rxc6+ Kb8 24. Nxe4 Be7 25. O-O-O Nb6 26. Bb3 Rf4 27. f3 h5 28. d5 h4 29. d6 Bd8 30. d7 Bc7 31. Nc5 Rff8 32. Rxc7 Kxc7 33. Ne6+ Kc6 34. Nxf8 Rxf8 35. d8=Q Rxd8 36. Rxd8 h3 37. gxh3 1-0

[Event "December 5 Late 2023"]
[Site "https://www.chess.com"]
[Date "2023.12.05"]
[Round "9"]
[White "Topalov, Aleksandar"]
[Black "Agibileg, Uurtsaikh"]
[Result "0-1"]
[Board "58"]
[TimeControl "180+1"]
[WhiteFideId "925659"]
[BlackFideId "4901606"]
[WhiteElo "2455"]
[BlackElo "2614"]
[WhiteTeam "SRB"]
[BlackTeam "MGL"]
[WhiteClock "0:00:00"]
[BlackClock "0:00:16"]

1. b3 Nf6 2. Bb2 g6 3. Bxf6 exf6 4. c4 Bg7 5. Nc3 O-O 6. e3 f5 7. Nge2 d6 8. g3 Nd7 9. Bg2 Nf6 10. Rb1 Re8 11. O-O c6 12. Qc2 a5 13. a3 Be6 14. d3 d5 15. cxd5 Nxd5 16. Nxd5 Bxd5 17. Bxd5 Qxd5 18. d4 h5 19. Nc3 Qf3 20. Qd1 Qxd1 21. Rfxd1 h4 22. Kg2 hxg3 23. hxg3 Bf8 24. b4 axb4 25. axb4 Ra3 26. Rdc1 Kg7 27. Rc2 g5 28. b5 c5 29. dxc5 Bxc5 30. Nd5 b6 31. Nc7 Rd8 32. Na6 Bf8 33. Kf3 Rd5 34. Rc6 Rd2 35. Rxb6 g4+ 36. Kg2 Rxe3 37. Rc6 Ree2 38. Rf1 Rb2 39. b6 Re6 40. Rc8 Rexb6 41. Nc7 Rd2 42. Ne8+ Kg6 43. Nf6 Be7 44. Ne8 Rbb2 45. Rc6+ f6 46. Nc7 Bd8 47. Ne6 Bb6 48. Nf4+ Kg5 49. Ne6+ Kh6 0-1

[Event "December 5 Late 2023"]
[Site "https://www.chess.com"]
[Date "2023.12.05"]
[Round "9"]
[White "Bogaudinov, Rushan"]
[Black "aksuliini1"]
[Result "0-1"]
[Board "59"]
[TimeControl "180+1"]
[WhiteFideId "4129288"]
[WhiteElo "2442"]
[BlackElo "2558"]
[WhiteTeam "RUS"]
[WhiteClock "0:00:00"]
[BlackClock "0:00:42"]

1. d4 Nf6 2. c4 e6 3. Nf3 d5 4. e3 c5 5. Nc3 a6 6. cxd5 exd5 7. a3 Nc6 8. Be2 Bd6 9. dxc5 Bxc5 10. O-O O-O 11. b4 Ba7 12. Bb2 Bg4 13. Rc1 Re8 14. h3 Bh5 15. Na4 Ne4 16. Nc5 Nxc5 17. bxc5 Qd7 18. Qd4 f6 19. Rfd1 Rad8 20. Bc4 Bf7 21. Ba2 Qe7 22. Bb1 Nxd4 23. exd4 Bg6 24. Ba2 Be4 25. Nd2 Bg6 26. Nf3 Qd7 27. Nh4 Re2 28. Nxg6 Rxb2 29. Bxd5+ Qxd5 30. Ne7+ Kf7 31. Nxd5 Rxd5 32. c6 bxc6 33. Rxc6 Bxd4 34. Rf1 a5 35. Rc4 Bb6 36. g3 Rdd2 37. Rf4 g5 38. Rf3 h5 39. g4 hxg4 40. hxg4 Ke6 41. Re1+ Kf7 42. Rf1 Ra2 43. Kg2 a4 44. Kg3 Bd4 45. Kg2 Be5 46. Kg1 Rab2 47. Kg2 Rb3 48. Rc1 Rxf3 49. Kxf3 Rd3+ 50. Ke4 Rxa3 51. Rc4 Ra2 52. f3 Rf2 53. Rxa4 Kg6 54. Ra8 Rb2 55. Rg8+ Kf7 56. Rc8 Rb4+ 57. Ke3 Bf4+ 58. Ke2 Rb2+ 59. Kf1 Be5 60. Rc6 Ke7 61. Ra6 Rd2 62. Ke1 Rd6 63. Ra5 Ke6 64. Ke2 Bf4 65. Rb5 Rd5 66. Rb4 Ke5 67. Re4+ Kd6 68. Ra4 Rc5 69. Ra6+ Rc6 70. Ra5 Rc2+ 71. Kd3 Rd2+ 72. Ke4 Re2+ 73. Kd4 Re3 74. Ra6+ Ke7 75. Ra7+ Ke6 76. Ra5 Rxf3 77. Ra6+ Kf7 78. Ke4 Re3+ 79. Kd4 Re5 80. Rb6 Be3+ 81. Kd3 Bxb6 0-1

[Event "December 5 Late 2023"]
[Site "https://www.chess.com"]
[Date "2023.12.05"]
[Round "9"]
[White "Uryupin, Igor"]
[Black "Bijaoui, Manuel"]
[Result "1-0"]
[Board "60"]
[TimeControl "180+1"]
[WhiteFideId "4182529"]
[BlackFideId "626783"]
[WhiteElo "2439"]
[BlackElo "2546"]
[WhiteTeam "RUS"]
[BlackTeam "FRA"]
[WhiteClock "0:00:28"]
[BlackClock "0:00:02"]

1. d4 Nf6 2. Nf3 g6 3. c4 Bg7 4. Nc3 d6 5. e4 O-O 6. Be2 e5 7. Kf1 exd4 8. Nxd4 Re8 9. f3 c6 10. Nc2 Na6 11. Bg5 h6 12. Bh4 g5 13. Bf2 Be6 14. b3 d5 15. cxd5 cxd5 16. exd5 Nxd5 17. Nxd5 Bxa1 18. Qxa1 Bxd5 19. h4 g4 20. Ne3 Be6 21. fxg4 Qd2 22. g5 Rac8 23. Nc4 Bxc4 24. Bxc4 Re2 25. Bxe2 Rc1+ 26. Qxc1 Qxc1+ 27. Be1 Nc5 28. Rh3 Ne4 29. Bd3 hxg5 30. Bxe4 Qf4+ 31. Bf3 g4 32. Rg3 f5 33. Kg1 Qc1 34. Kf1 Kf7 35. Bd5+ Ke7 36. Rd3 a6 37. g3 b5 38. Rd2 Qc3 39. Re2+ Qe5 40. Rxe5+ 1-0

[Event "December 5 Late 2023"]
[Site "https://www.chess.com"]
[Date "2023.12.05"]
[Round "9"]
[White "Przybylski, Wojciech"]
[Black "Zhou, Qiyu"]
[Result "0-1"]
[Board "61"]
[TimeControl "180+1"]
[WhiteFideId "1117599"]
[BlackFideId "505161"]
[WhiteElo "2545"]
[BlackElo "2431"]
[WhiteTeam "POL"]
[BlackTeam "CAN"]
[WhiteClock "0:00:01"]
[BlackClock "0:00:38"]

1. e4 e5 2. Nf3 Nc6 3. Bb5 a6 4. Ba4 Nf6 5. O-O b5 6. Bb3 Be7 7. d3 O-O 8. Re1 d6 9. h3 Na5 10. c4 bxc4 11. Bxc4 Nxc4 12. dxc4 Bb7 13. Nc3 Qc8 14. b3 h6 15. Nh2 Qe6 16. Nf1 Nh7 17. Nd5 Bd8 18. Ng3 c6 19. Nc3 Bb6 20. Nf5 Rad8 21. Qg4 g6 22. Nxh6+ Kh8 23. Bg5 Qxg4 24. Nxg4 Nxg5 25. h4 Ne6 26. g3 Nd4 27. Red1 f5 28. exf5 gxf5 29. Ne3 f4 30. Ng4 fxg3 31. Na4 Ba7 32. c5 gxf2+ 33. Nxf2 dxc5 34. Ne4 c4 35. Kh2 Nf3+ 36. Kg3 Nd4 37. Ng5 cxb3 38. axb3 Ne2+ 39. Kg4 Bc8+ 40. Ne6 Bxe6+ 41. Kg5 Rf5+ 42. Kh6 Rdf8 43. Rf1 Be3+ 44. Kg6 R8f6# 0-1

[Event "December 5 Late 2023"]
[Site "https://www.chess.com"]
[Date "2023.12.05"]
[Round "9"]
[White "Wu, Sibo"]
[Black "Shapiro, Viktor"]
[Result "1/2-1/2"]
[Board "62"]
[TimeControl "180+1"]
[WhiteFideId "8606048"]
[BlackFideId "4175700"]
[WhiteElo "2431"]
[BlackElo "2530"]
[WhiteTeam "CHN"]
[BlackTeam "RUS"]
[WhiteClock "0:00:24"]
[BlackClock "0:00:11"]

1. d4 Nf6 2. Bf4 g6 3. Nc3 Bg7 4. e4 d6 5. Qd2 h5 6. f3 a6 7. O-O-O b5 8. Kb1 Nbd7 9. e5 Ng8 10. e6 fxe6 11. Bd3 Nf8 12. Nh3 Bxd4 13. Bxb5+ axb5 14. Qxd4 Nf6 15. Nxb5 Bd7 16. Qc4 Bxb5 17. Qxb5+ Qd7 18. Qxd7+ N8xd7 19. Ng5 e5 20. Be3 c6 21. Rhe1 Nd5 22. Bd2 N7f6 23. c4 Nc7 24. c5 Ncd5 25. f4 Nd7 26. Ne4 dxc5 27. fxe5 Rf8 28. e6 N7b6 29. Nxc5 Nc4 30. Bc1 Rb8 31. Rf1 Na3+ 32. Ka1 Nc2+ 33. Kb1 Na3+ 34. Ka1 Rxf1 35. Rxf1 Nc2+ 36. Kb1 Na3+ 37. Ka1 Nc2+ 38. Kb1 Na3+ 39. Ka1 1/2-1/2

[Event "December 5 Late 2023"]
[Site "https://www.chess.com"]
[Date "2023.12.05"]
[Round "9"]
[White "Lopusiewicz, Piotr"]
[Black "Sanchez Alvares, Kelvin Antonio"]
[Result "0-1"]
[Board "63"]
[TimeControl "180+1"]
[WhiteFideId "1116029"]
[BlackFideId "3906680"]
[WhiteElo "2429"]
[BlackElo "2529"]
[WhiteTeam "POL"]
[BlackTeam "VEN"]
[WhiteClock "0:00:18"]
[BlackClock "0:00:43"]

1. d4 d5 2. c4 c6 3. Nf3 Nf6 4. cxd5 cxd5 5. Nc3 Nc6 6. Bf4 Bf5 7. Qb3 Na5 8. Qa4+ Bd7 9. Qc2 Rc8 10. e3 e6 11. Bd3 Nc4 12. O-O Bb4 13. Rfc1 O-O 14. Ne5 b5 15. a4 Bxc3 16. bxc3 bxa4 17. Bg5 h6 18. Bxf6 gxf6 19. Nxd7 Qxd7 20. Qe2 f5 21. Qh5 Kg7 22. h3 Rg8 23. g4 fxg4 24. hxg4 Nb6 25. Kg2 Qe7 26. f4 Qf6 27. Rh1 Rxc3 28. Rad1 Kf8 29. Kf3 Nc4 30. Bxc4 Rxc4 31. Qxh6+ Qxh6 32. Rxh6 Ke7 33. Rb1 Rgc8 34. g5 R8c7 35. Rb8 a3 36. Rhh8 a2 37. Rbd8 Rd7 38. g6 a1=Q 39. Rhe8+ Kf6 40. Rxd7 Qf1+ 41. Kg3 Qg1+ 0-1

[Event "December 5 Late 2023"]
[Site "https://www.chess.com"]
[Date "2023.12.05"]
[Round "9"]
[White "Donchenko, Anatoly"]
[Black "Korchynskyi, Mykola"]
[Result "0-1"]
[Board "64"]
[TimeControl "180+1"]
[WhiteFideId "4106091"]
[BlackFideId "34138005"]
[WhiteElo "2419"]
[BlackElo "2529"]
[WhiteTeam "GER"]
[BlackTeam "UKR"]
[WhiteClock "0:00:33"]
[BlackClock "0:00:45"]

1. Nf3 d5 2. d4 Nf6 3. c4 e6 4. g3 Be7 5. Bg2 dxc4 6. O-O O-O 7. Qc2 c6 8. Qxc4 b5 9. Qc2 Bb7 10. Rd1 Nbd7 11. Nbd2 Rc8 12. Nb3 Nd5 13. e4 Nb4 14. Qe2 Qb6 15. Be3 Rfd8 16. a3 Na6 17. Rac1 c5 18. dxc5 Ndxc5 19. Nxc5 Bxc5 20. Rxd8+ Rxd8 21. Bxc5 Nxc5 22. Qe3 Nd3 23. Qxb6 axb6 24. Rd1 Bxe4 25. Ne1 Bxg2 26. Rxd3 Bd5 27. Nc2 Rc8 28. Rc3 Rxc3 29. bxc3 Kf8 30. f4 Ke7 31. Kf2 Kd6 32. Ke3 Kc5 33. Kd3 Bc4+ 34. Ke4 f6 35. h4 h5 36. Ne3 Be2 37. f5 e5 38. Nc2 Kc4 39. Nb4 Kxc3 40. Nd5+ Kb3 41. Nxb6 Kxa3 42. Ke3 Bg4 43. Ke4 b4 44. Nc4+ Ka2 45. Nd6 b3 46. Nc4 b2 0-1